 Dungeon Crawl Stone Soup version 0.32-a0-711-g016ad743e0 (webtiles) character file.

Game seed: 4777934213297410592

10307 GeoRichter the Geomancer (level 11, 0/80 (86) HPs)
             Began as a Mountain Dwarf Fire Elementalist on Mar 15, 2024.
             Was an Elder of Sif Muna.
             Slain by a spectral orc knight
             ... wielding a +0 halberd
             ... summoned by Nergalle
              (3 damage)
             ... on level 1 of the Lair of Beasts.
             The game lasted 00:27:51 (16108 turns).

GeoRichter the Geomancer (MDFE)                    Turns: 16108, Time: 00:27:52

HP:   0/80 (86)     AC: 14    Str: 11    XL:     11   Next: 34%
MP:   3/20          EV:  8    Int: 31    God:    Sif Muna [****..]
Gold: 592           SH:  2    Dex:  6    Spells: 15/22 levels left

rFire   . . .        b - +3 dagger (speed)
rCold   . . .        e - +0 buckler
rNeg    + . .        O - +1 ring mail {rPois}
rPois   +            j - +0 helmet
rElec   .            P - +0 cloak
rCorr   .            R - +0 pair of gloves
SInv    .            J - +2 pair of boots {Stlth+}
Will    +....        U - amulet "Gipaoqin" {Acrobat Int+5 Dex-4}
Stlth   ++           r - +6 ring of intelligence
HPRegen 0.33/turn    y - ring of positive energy
MPRegen 0.17/turn

%: acrobat
@: drained
A: runic magic, artefact enchanting
a: Renounce Religion, Channel Magic, Forget Spell, Divine Exegesis


You were on level 1 of the Lair of Beasts.
You worshipped Sif Muna.
Sif Muna was greatly pleased with you.
You visited 2 branches of the dungeon, and saw 12 of its levels.
You also visited: Ossuary.

You collected 704 gold pieces.
You spent 112 gold pieces at shops.

Inventory:

Hand Weapons
 b - a +3 dagger of speed (weapon)
   (You took it off a goblin on level 1 of the Dungeon)
Missiles
 t - a throwing net {!f}
Armour
 e - a +0 buckler (worn)
   (You found it on level 1 of the Dungeon)
 j - a +0 helmet (worn)
   (You found it on level 2 of the Dungeon)
 J - a +2 pair of boots of stealth (worn)
   (You found it on level 7 of the Dungeon)
 O - a +1 ring mail of poison resistance (worn)
   (You took it off an orc on level 8 of the Dungeon)
 P - a +0 cloak (worn)
   (You found it on level 8 of the Dungeon)
 R - a +0 pair of gloves (worn)
   (You found it on level 9 of the Dungeon)
Magical Staves
 p - a staff of earth
   (You found it on level 2 of the Dungeon)
Jewellery
 q - a ring of ice
   (You found it on level 7 of the Dungeon)
 r - a +6 ring of intelligence (left hand)
   (You found it on level 2 of the Dungeon)
 y - a ring of positive energy (right hand)
   (You found it on level 3 of the Dungeon)
 K - an amulet of faith {!P}
   (You found it on level 7 of the Dungeon)
 L - a ring of willpower
   (You found it on level 7 of the Dungeon)
 U - the amulet "Gipaoqin" (around neck) {Acrobat Int+5 Dex-4}
   (You found it on level 10 of the Dungeon)

   [amulet of the acrobat]

   Acrobat:   It increases your evasion while moving and waiting.
   Int+5:     It affects your intelligence (+5).
   Dex-4:     It affects your dexterity (-4).
Talismans
 w - a granite talisman
   (You found it on level 3 of the Dungeon)
Wands
 f - a wand of paralysis (10)
   (You found it on level 5 of the Dungeon)
 F - a wand of mindburst (16)
   (You took it off Joseph on level 7 of the Dungeon)
 H - a wand of flame (25)
   (You found it on level 6 of the Dungeon)
 I - a wand of iceblast (21)
   (You took it off a gnoll on level 6 of the Dungeon)
 M - a wand of light (13)
   (You found it on level 8 of the Dungeon)
 Q - a wand of polymorph (12)
   (You found it on level 8 of the Dungeon)
Scrolls
 c - 4 scrolls of poison {!r}
 d - 2 scrolls of teleportation {@r4}
 g - 3 scrolls of silence
 k - 2 scrolls of fear
 m - 2 scrolls of noise {!r}
 o - 3 scrolls of amnesia
 u - 4 scrolls of vulnerability {!r}
 v - a scroll of enchant weapon
 N - a scroll of identify {@r1}
 S - 2 scrolls of revelation
 T - 2 scrolls of blinking
 V - 2 scrolls of fog
Potions
 a - 2 potions of magic
 h - 5 potions of curing {@q1}
 i - 3 potions of ambrosia
 l - a potion of mutation {!q}
 n - 2 potions of resistance
 s - 4 potions of haste {@q3}
 x - a potion of invisibility
 z - 2 potions of enlightenment
 A - a potion of berserk rage
 B - 9 potions of heal wounds {@q2}
 C - 2 potions of attraction {!q}
 D - 4 potions of lignification {!q}
 E - 2 potions of brilliance
 G - 2 potions of might


   Skills:
 + Level 5.0 Fighting
 - Level 6.0 Armour
 - Level 1.3 Dodging
 - Level 1.4 Stealth
 + Level 6.0 Spellcasting
 - Level 0.8 Conjurations
 - Level 5.4 Fire Magic
 - Level 10.0 Earth Magic
 - Level 8.0 Alchemy
 * Level 7.9 Invocations


You had 15 spell levels left.
You knew the following spells:

 Your Spells              Type           Power      Damage    Failure   Level
a - Foxfire               Conj/Fire      100%       2x1d9     2%          1
b - Scorch                Fire           86%        2d8       1%          2
c - Petrify               Alch/Erth      60%        N/A       2%          4

Your spell library contained the following spells:

 Spells                   Type           Power      Damage    Failure   Level
 Passwall                 Erth           63%        N/A       1%          3
 Leda's Liquefaction      Alch/Erth      30%        N/A       2%          4
 Kiss of Death            Conj/Necr      44%        2d8       8%          1
 Mephitic Cloud           Conj/Alch/Air  27%        N/A       8%          3
 Summon Small Mammal      Summ           36%        N/A       9%          1
 Inner Flame              Hex/Fire       26%        N/A       9%          3
 Volatile Blastmotes      Fire/Tloc      52%        2d14      9%          3
 Ensorcelled Hibernation  Hex/Ice        18%        N/A       13%         2
 Lesser Beckoning         Tloc           18%        N/A       13%         2
 Fulminant Prism          Conj/Alch      18%        3d10      14%         4
 Dazzling Flash           Conj/Hex       22%        N/A       22%         3
 Flame Wave               Conj/Fire      28%        2d9       24%         4
 Call Canine Familiar     Summ           9%         N/A       26%         3
 Confusing Touch          Hex            9%         N/A       26%         3
 Gell's Gravitas          Tloc           9%         N/A       26%         3
 Swiftness                Air            9%         N/A       26%         3
 Teleport Other           Tloc           9%         N/A       26%         3
 Summon Blazeheart Golem  Fire/Summ      26%        N/A       28%         4
 Iskenderun's Mystic Bla  Conj/Tloc      11%        2d4       58%         4
 Dispel Undead            Necr           9%         3d8       65%         4
 Curse of Agony           Necr           9%         N/A       94%         5
 Metabolic Englaciation   Hex/Ice        4%         N/A       94%         5
 Silence                  Hex/Air        4%         N/A       94%         5
 Sculpt Simulacrum        Ice/Alch       17%        N/A       95%         6
 Ozocubu's Refrigeration  Ice            4%         4d8       100%        7
 Polar Vortex             Ice            4%         N/A       100%        9


Dungeon Overview and Level Annotations

Branches:
Dungeon (11/15) Zot: 26762  Temple (0/1) D:7            Lair (1/5) D:10 Zot: 5178
Ossuary (visited)
    Orc: D:9-12

Altars:
Ashenzari
Cheibriados
Makhleb
Okawaru
Sif Muna
Vehumet
Wu Jian
Xom
Yredelemnul
Zin
The Shining One

Shops:
D:4 :   D:5 (   D:8 !   D:10 *

Annotations:
D:2 1 runed translucent door, Crazy Yiuf
D:8 1 runed translucent door, balagan2's ghost, novice GnSh
D:11 Grum
Lair:1 Nergalle


Innate Abilities, Weirdness & Mutations

Your spellcasting is much less encumbered by armour.
You can use scrolls of enchantment on lesser artefacts.


Message History

Nergalle hits you but does no damage.
Casting: Scorch (safe; 1% risk of failure)
Confirm with . or Enter, or press ? or * to list all spells.
Flames lash Nergalle.
Nergalle is burned terribly!
Nergalle is severely wounded.
Nergalle cries out, "Spectres!
Fight for the home you helped make!" The long-dead rise up around you.
Casting: Scorch (safe; 1% risk of failure)
Confirm with . or Enter, or press ? or * to list all spells.
Flames lash Nergalle.
Nergalle is burned terribly!
Nergalle is almost dead.
You block the spectral orc knight's attack.
The spectral orc warrior hits you with a +0 trident.
The spectral orc knight hits you from afar with a +0 halberd!
You partially resist.
You feel drained. Nergalle hits you with a +0 dagger.
Casting: Scorch (safe; 1% risk of failure)
Confirm with . or Enter, or press ? or * to list all spells.
Flames lash Nergalle but do no damage.
The spectral orc warrior barely misses you.
The spectral orc knight hits you from afar with a +0 halberd!
You block Nergalle's attack.
The spectral orc knight barely misses you.
Casting: Scorch (safe; 1% risk of failure)
Confirm with . or Enter, or press ? or * to list all spells.
Flames lash Nergalle but do no damage.
The spectral orc knight hits you from afar with a +0 halberd.
The spectral orc warrior hits you with a +0 trident!
* * * LOW HITPOINT WARNING * * *
Nergalle hits you but does no damage.
The spectral orc knight barely misses you.
You hit Nergalle.
Nergalle is almost dead.
You barely miss Nergalle.
Nergalle is almost dead.
The spectral orc warrior hits you but does no damage.
The spectral orc knight hits you from afar with a +0 halberd.
* * * LOW HITPOINT WARNING * * *
Nergalle barely misses you.
The spectral orc knight hits you but does no damage.
You barely miss Nergalle.
Nergalle is almost dead.
The spectral orc knight hits you from afar with a +0 halberd!
* * * LOW HITPOINT WARNING * * *
You partially resist.
You feel drained.
* * * LOW HITPOINT WARNING * * *
The spectral orc warrior barely misses you.
The spectral orc knight hits you from afar with a +0 halberd!
* * * LOW HITPOINT WARNING * * *
You partially resist.
You feel drained.
You die...

###........ #.........#
#........# #.......#
P......# #....Z# #.oZ.#
##@..# #P...# #...Z#
#....##### ###.
#...#..... .....#
#................##
####..P..............
###...................#
##P.>...................


You could see Nergalle (combustible), a spectral orc warrior (summoned) and 2
spectral orc knights.

Vanquished Creatures
  Sonja (Lair:1)
  A black mamba (Lair:1)
  Joseph (D:7)
  2 cane toads (Lair:1)
  A rime drake (Lair:1)
  A komodo dragon (D:10)
  5 trolls
  Grinder (D:3)
  Prince Ribbit (D:6)
  3 blink frogs (Lair:1)
  3 yaks
  A wraith (D:10)
  A vampire (D:10)
  4 wyverns
  A basilisk (Lair:1)
  An acid dragon (D:9)
  2 water moccasins (D:10)
  Duvessa (D:4)
  An orc warrior (D:10)
  3 ice beasts
  A sky beast (D:7)
  A hornet zombie (D:7)
  2 ogres (D:5)
  3 black bears
  A wolf (D:11)
  5 centaurs
  Blork the orc (D:5)
  3 kobold brigands (D:7)
  A weeping skull (Ossuary)
  10 bullfrogs
  3 scorpions
  7 water moccasin zombies (Ossuary)
  Dowan (D:4)
  A killer bee (D:10)
  3 centaur zombies (D:7)
  2 bullfrog zombies (D:7)
  3 hounds
  A bombardier beetle (D:5)
  A gnoll bouda (D:6)
  A spectral scorpion (Ossuary)
  3 orc priests (D:7)
  A sleepcap (D:5)
  Jessica (D:3)
  6 iguanas
  Terence (D:3)
  5 orc wizards
  2 killer bee zombies (D:7)
  A crocodile zombie (Ossuary)
  2 mummies (Ossuary)
  7 adders
  5 gnolls
  A shadow imp (D:6)
  3 ufetubi
  3 adder zombies (Ossuary)
  6 dart slugs
  A ribbon worm (D:4)
  25 orcs
  6 ball pythons
  5 endoplasms
  5 giant cockroaches (D:1)
  14 gnoll zombies (Ossuary)
  8 hobgoblins
  2 jackals (D:4)
  9 kobolds
  3 quokkas
  5 bats
  9 goblins
  4 jackal zombies (Ossuary)
  An orc zombie (Ossuary)
  5 rats
235 creatures vanquished.

Vanquished Creatures (collateral kills)
  A foxfire (Lair:1)
1 creature vanquished.

Vanquished Creatures (others)
  151 foxfires
151 creatures vanquished.

Grand Total: 387 creatures vanquished

Notes
Turn   | Place    | Note
-------+----------+-------------------------------------------
     0 | D:1      | GeoRichter the Mountain Dwarf Fire Elementalist began the
                  | quest for the Orb.
     0 | D:1      | Reached XP level 1. HP: 14/14 MP: 3/3
   225 | D:1      | Reached XP level 2. HP: 20/20 MP: 1/4
   460 | D:1      | Reached skill level 5 in Fire Magic
   563 | D:1      | You fall into a shaft and drop 1 floor!
   585 | D:2      | Learned a level 2 spell: Scorch
   615 | D:1      | Reached XP level 3. HP: 26/26 MP: 2/5
  1197 | D:2      | Found a faded altar of an unknown god.
  1218 | D:2      | Prayed at the altar of an unknown god.
  1218 | D:2      | Became a worshipper of Sif Muna the Loreminder
  1218 | D:2      | Reached * piety under Sif Muna
  1845 | D:2      | Found a runed translucent door.
  1846 | D:2      | Noticed Crazy Yiuf
  1932 | D:2      | Reached skill level 1 in Earth Magic
  2318 | D:3      | Reached XP level 4. HP: 33/33 MP: 3/6
  2623 | D:3      | Noticed Jessica
  2624 | D:3      | Killed Jessica
  2625 | D:3      | Reached skill level 2 in Earth Magic
  2625 | D:3      | Reached skill level 1 in Alchemy
  2851 | D:3      | Noticed Terence
  2880 | D:3      | Killed Terence
  3052 | D:3      | Reached XP level 5. HP: 38/38 MP: 0/7
  3204 | D:4      | Noticed Grinder
  3237 | D:3      | Killed Grinder
  3238 | D:3      | Reached skill level 4 in Earth Magic
  3238 | D:3      | Reached XP level 6. HP: 45/45 MP: 0/8
  3243 | D:3      | Learned a level 4 spell: Petrify
  3605 | D:4      | Noticed Duvessa
  3639 | D:4      | Killed Duvessa
  3640 | D:4      | Reached skill level 5 in Earth Magic
  3709 | D:4      | Noticed Dowan
  3717 | D:4      | Killed Dowan
  3936 | D:4      | Reached XP level 7. HP: 49/50 MP: 2/9
  4216 | D:4      | Reached skill level 6 in Earth Magic
  4292 | D:4      | Found Ynosch's Self-Published Books.
  4614 | D:5      | Entered Level 5 of the Dungeon
  4731 | D:5      | Reached ** piety under Sif Muna
  4867 | D:5      | Reached skill level 7 in Earth Magic
  5345 | D:5      | Reached XP level 8. HP: 57/57 MP: 5/10
  5406 | D:5      | Found Rarogo's Weapon Shoppe.
  5489 | D:5      | Noticed Blork the orc
  5505 | D:5      | Killed Blork the orc
  5783 | D:5      | Reached skill level 8 in Earth Magic
  6258 | D:6      | Noticed Prince Ribbit
  6265 | D:6      | Killed Prince Ribbit
  6487 | D:6      | Noticed a troll
  6496 | D:6      | Killed a troll
  6497 | D:6      | Reached skill level 9 in Earth Magic
  6779 | D:6      | Reached skill level 5 in Alchemy
  7141 | D:6      | Reached XP level 9. HP: 52/62 MP: 0/11
  7284 | D:6      | Reached skill level 10 in Earth Magic
  7640 | D:7      | Noticed Joseph
  7691 | D:7      | Found a sand-covered staircase.
  7699 | Ossuary  | Entered an ossuary
  7862 | Ossuary  | Reached *** piety under Sif Muna
  7863 | Ossuary  | Reached skill level 1 in Armour
  9573 | D:7      | Killed Joseph
 10074 | D:7      | Found a basalt altar of Yredelemnul.
 10493 | D:7      | Reached **** piety under Sif Muna
 10545 | D:7      | Found a staircase to the Ecumenical Temple.
 10662 | D:7      | Noticed a troll
 10666 | D:7      | Reached XP level 10. HP: 68/69 MP: 8/15
 11520 | D:8      | Found a radiant altar of Vehumet.
 11587 | D:8      | Found a runed translucent door.
 11589 | D:8      | Identified the +9 trident "Demonslayer" {holy, Will+ Dex+2}
 11589 | D:8      | Noticed balagan2's ghost (novice GnSh)
 11721 | D:8      | Found Erhaocw's Distillery.
 11771 | D:8      | Bought a potion of curing for 48 gold pieces
 11771 | D:8      | Bought a potion of might for 64 gold pieces
 11794 | D:8      | Noticed a boulder beetle
 12341 | D:9      | Reached skill level 5 in Armour
 12444 | D:9      | Reached skill level 1 in Fighting
 12444 | D:9      | Reached skill level 1 in Invocations
 13432 | D:10     | Entered Level 10 of the Dungeon
 13635 | D:10     | Reached skill level 5 in Spellcasting
 13763 | D:10     | Found a staircase to the Lair.
 14248 | D:10     | Reached skill level 5 in Invocations
 14382 | D:10     | Found a glowing golden altar of the Shining One.
 14575 | D:10     | Found a burning altar of Makhleb.
 14581 | D:10     | Found an iron altar of Okawaru.
 14582 | D:10     | Found a shimmering blue altar of Sif Muna.
 14582 | D:10     | Found an ornate altar of the Wu Jian Council.
 14582 | D:10     | Found a glowing silver altar of Zin.
 14584 | D:10     | Found a broken altar of Ashenzari.
 14586 | D:10     | Found a snail-covered altar of Cheibriados.
 14587 | D:10     | Found a shimmering altar of Xom.
 14741 | D:10     | Identified the amulet "Gipaoqin" {Acrobat Int+5 Dex-4}
 14816 | D:10     | Found Jiattaom's Mail-Order Catalogue.
 15084 | D:11     | Noticed Grum
 15094 | D:11     | Reached XP level 11. HP: 74/83 MP: 12/19
 15287 | Lair:1   | Entered Level 1 of the Lair of Beasts
 15309 | Lair:1   | Noticed Sonja
 15320 | Lair:1   | Killed Sonja
 16011 | Lair:1   | Reached skill level 5 in Fighting
 16094 | Lair:1   | Noticed Nergalle
 16108 | Lair:1   | HP: 3/82 [spectral orc knight/+0 halberd[Nergalle] (17)]
 16108 | Lair:1   | Slain by a spectral orc knight

Illustrated notes

Levels and vault maps discovered:
D:1:      nicolae_arrival_memento_mori, layout_loops_ring, st_stairs_10
D:2:      layout_basic, shapermc_ecumenical_altar_gd, uniq_crazy_yiuf_cottage
D:3:      layout_loops_cross, uniq_jessica, uniq_terence
D:4:      layout_loops_cross, fountainhead, st_stairs_9, nicolae_custom_books,
          kennysheep_generic_room_4, uniq_grinder, uniq_duvessa
D:5:      layout_loops_ring, serial_shops, shop, kennysheep_minor_cross,
          hangedman_decor_lopped, uniq_blork_the_orc
D:6:      layout_loops_corners, feat_on_display, uniq_prince_ribbit1
D:7:      layout_layer_cave, nicolae_yredelemnul_corpse_copse,
          minmay_temple_entry_hall, nicolae_ossuary_entry_ruins,
          minmay_fractal_squares_5, uniq_joseph
D:8:      layout_basic, mainiacjoe_overflow_alcove_1,
          ebering_ghost_funeral_grove, serial_shops, nicolae_stop_n_shop_2,
          amcnicky_mini_pool_medium
D:9:      layout_basic
D:10:     layout_loops_corners, minitemple, due_lair_maze_entry_diamond,
          monkooky_shop_mail_order
D:11:     layout_cave_pools, minmay_orc_entry_temple_small, uniq_grum
Lair:1:   layout_gridlike, uniq_sonja, uniq_nergalle

Skill      XL: |  1  2  3  4  5  6  7  8  9 10 11 |
---------------+----------------------------------+-----
Fire Magic     | 4 5 |  5.4
Earth Magic    | 1 2 4 5 7 9 10 | 10.0
Alchemy        | 1 2 3 5 7 8 |  8.0
Spellcasting   | 3 5 6 |  6.0
Armour         | 4 6 |  6.0
Fighting       | 3 5 |  5.0
Invocations    | 5 7 |  7.9
Dodging        | |  1.3
Stealth        | |  1.4
Conjurations   | |  0.8

Action                     |  1- 3 |  4- 6 |  7- 9 | 10-12 || total
---------------------------+-------+-------+-------+-------++-------
  Melee: Long sword        |    15 |       |       |       ||    15
         Dagger            |     8 |    19 |   252 |    72 ||   351
   Cast: Foxfire           |    30 |     9 |    34 |    21 ||    94
         Scorch            |    19 |    38 |   206 |   160 ||   423
         Petrify           |       |       |       |     4 ||     4
  Evoke: Wand              |       |       |     9 |     1 ||    10
    Use: Potion            |     1 |       |       |     3 ||     4
         Scroll            |     2 |     1 |    11 |    10 ||    24
   Stab: Paralysed         |       |       |    21 |       ||    21
         Petrified         |       |       |       |    16 ||    16
 Armour: Robe              |    24 |       |       |       ||    24
         Ring mail         |     1 |    13 |   208 |   149 ||   371
  Dodge: Dodged            |    20 |     5 |    99 |    68 ||   192
  Block: Buckler           |       |     4 |    41 |    24 ||    69

Table legend: (Time is in decaauts)
 A = Elapsed time spent in this place.
 B = Non-inter-level travel time spent in this place.
 C = Inter-level travel time spent in this place.
 D = Time resting spent in this place.
 E = Time spent auto-exploring this place.
 F = Levels seen in this place.
 G = Mean time per level.
                   A        B        C        D        E       F      G
               +--------+--------+--------+--------+--------+-----+--------+
         Total |  16025 |  15366 |    659 |    810 |  12134 |  13 | 1232.7 |
       Dungeon |  14329 |  13670 |    659 |    712 |  10854 |  11 | 1302.6 |
          Lair |    821 |    821 |      0 |      3 |    706 |   1 |  821.0 |
       Ossuary |    874 |    874 |      0 |     95 |    574 |   1 |  874.0 |
               +--------+--------+--------+--------+--------+-----+--------+

Top non-repeatable levels by time:
     D:7: 2693 daAuts
     D:6: 2048 daAuts
    D:10: 1536 daAuts
     D:4: 1278 daAuts
     D:3: 1233 daAuts
     D:2: 1170 daAuts
     D:5: 1167 daAuts
     D:8: 1043 daAuts
     D:1: 1013 daAuts
     D:9: 946 daAuts
 Ossuary: 874 daAuts
  Lair:1: 821 daAuts
    D:11: 196 daAuts
